Workbook

Sheet BDI
B1: Planilha de Detalhamento do BDI
B3: Tomador | G3: PREFEITURA MUNICPAL DE ALVORADA/RS | V3: =IF(LEN(G3)<6,FALSE,TRUE) -> TRUE
B4: Nº do Contrato de Repasse | G4: UBS Nova Americana | V4: =IF(LEN(G4)<9,FALSE,TRUE) -> TRUE
B5: Nome da Obra | G5: Processo para contratação de empresa especializada para troca da cobertura, reforma interna, adequação de acessibilidade, execução calçada, entre outros. | V5: =IF(LEN(G5)<6,FALSE,TRUE) -> TRUE
B6: Município da Obra | G6: ALVORADA/RS | V6: =IF(LEN(G6)<4,FALSE,TRUE) -> TRUE
B7: Tipo de Obra
B8: Contribuição Previdenciária
B9: =IF(OR(V3=FALSE,V4=FALSE,V5=FALSE,V6=FALSE),("Atenção - Não esqueça de preencher o(s) campo(s): -" & IF(V3=FALSE," TOMADOR -","") & IF(V4=FALSE," Nº DO CONTRATO -","") & IF(V5=FALSE," NOME DA OBRA -","") & IF(V6=FALSE," MUNICÍPIO ONDE SE LOCALIZA A OBRA -","") & ""),".") -> .
B10: Parcelas do BDI | G10: Valor percentual adotado | M10: Limites das parcelas do BDI para obras do tipo acima selecionado. Acórdão TCU 2622/2013
M11: Mín | P11: Med. | S11: Máx.
B12: (AC) - Administração Central | G12: 5 | J12: =IF(G12<M12," Atenção",IF(G12>S12,"Atenção","OK")) -> OK | M12: =CHOOSE(Plan4!$B$17,Plan4!C6,Plan4!D6,Plan4!E6,Plan4!F6,Plan4!G6,Plan4!H6) -> 3 | P12: =CHOOSE(Plan4!$B$17,Plan4!I6,Plan4!J6,Plan4!K6,Plan4!L6,Plan4!M6,Plan4!N6) -> 4 | S12: =CHOOSE(Plan4!$B$17,Plan4!O6,Plan4!P6,Plan4!Q6,Plan4!R6,Plan4!S6,Plan4!T6) -> 5.5
B13: (S) + (G) - Seguro e Garantia | G13: 0.8 | J13: =IF(G13<M13," Atenção",IF(G13>S13,"Atenção","OK")) -> OK | M13: =CHOOSE(Plan4!$B$17,Plan4!C7,Plan4!D7,Plan4!E7,Plan4!F7,Plan4!G7,Plan4!H7) -> 0.8 | P13: =CHOOSE(Plan4!$B$17,Plan4!I7,Plan4!J7,Plan4!K7,Plan4!L7,Plan4!M7,Plan4!N7) -> 0.8 | S13: =CHOOSE(Plan4!$B$17,Plan4!O7,Plan4!P7,Plan4!Q7,Plan4!R7,Plan4!S7,Plan4!T7) -> 1
B14: (R) - Risco | G14: 1.135 | J14: =IF(G14<M14," Atenção",IF(G14>S14,"Atenção","OK")) -> OK | M14: =CHOOSE(Plan4!$B$17,Plan4!C8,Plan4!D8,Plan4!E8,Plan4!F8,Plan4!G8,Plan4!H8) -> 0.97 | P14: =CHOOSE(Plan4!$B$17,Plan4!I8,Plan4!J8,Plan4!K8,Plan4!L8,Plan4!M8,Plan4!N8) -> 1.27 | S14: =CHOOSE(Plan4!$B$17,Plan4!O8,Plan4!P8,Plan4!Q8,Plan4!R8,Plan4!S8,Plan4!T8) -> 1.27
B15: (DF) - Despesas Financeiras | G15: 0.59 | J15: =IF(G15<M15," Atenção",IF(G15>S15,"Atenção","OK")) -> OK | M15: =CHOOSE(Plan4!$B$17,Plan4!C9,Plan4!D9,Plan4!E9,Plan4!F9,Plan4!G9,Plan4!H9) -> 0.59 | P15: =CHOOSE(Plan4!$B$17,Plan4!I9,Plan4!J9,Plan4!K9,Plan4!L9,Plan4!M9,Plan4!N9) -> 1.23 | S15: =CHOOSE(Plan4!$B$17,Plan4!O9,Plan4!P9,Plan4!Q9,Plan4!R9,Plan4!S9,Plan4!T9) -> 1.39
B16: (L) - Lucro | G16: 6.16 | J16: =IF(G16<M16," Atenção",IF(G16>S16,"Atenção","OK")) -> OK | M16: =CHOOSE(Plan4!$B$17,Plan4!C10,Plan4!D10,Plan4!E10,Plan4!F10,Plan4!G10,Plan4!H10) -> 6.16 | P16: =CHOOSE(Plan4!$B$17,Plan4!I10,Plan4!J10,Plan4!K10,Plan4!L10,Plan4!M10,Plan4!N10) -> 7.4 | S16: =CHOOSE(Plan4!$B$17,Plan4!O10,Plan4!P10,Plan4!Q10,Plan4!R10,Plan4!S10,Plan4!T10) -> 8.96
B17: (I1) - PIS | G17: 0.65 | J17: =IF(G17<M17," Atenção",IF(G17>S17,"Atenção","OK")) -> OK | M17: =CHOOSE(Plan4!$B$17,Plan4!C11,Plan4!D11,Plan4!E11,Plan4!F11,Plan4!G11,Plan4!H11) -> 0.65 | P17: =CHOOSE(Plan4!$B$17,Plan4!I11,Plan4!J11,Plan4!K11,Plan4!L11,Plan4!M11,Plan4!N11) -> 0.65 | S17: =CHOOSE(Plan4!$B$17,Plan4!O11,Plan4!P11,Plan4!Q11,Plan4!R11,Plan4!S11,Plan4!T11) -> 0.65
B18: (I2) - COFINS | G18: 3 | J18: =IF(G18<M18," Atenção",IF(G18>S18,"Atenção","OK")) -> OK | M18: =CHOOSE(Plan4!$B$17,Plan4!C12,Plan4!D12,Plan4!E12,Plan4!F12,Plan4!G12,Plan4!H12) -> 3 | P18: =CHOOSE(Plan4!$B$17,Plan4!I12,Plan4!J12,Plan4!K12,Plan4!L12,Plan4!M12,Plan4!N12) -> 3 | S18: =CHOOSE(Plan4!$B$17,Plan4!O12,Plan4!P12,Plan4!Q12,Plan4!R12,Plan4!S12,Plan4!T12) -> 3
B19: (I3) - ISSQN | G19: 5 | J19: =IF(G19<M19," Atenção",IF(G19>S19,"Atenção","OK")) -> OK | M19: =CHOOSE(Plan4!$B$17,Plan4!C13,Plan4!D13,Plan4!E13,Plan4!F13,Plan4!G13,Plan4!H13) -> 2 | P19: =CHOOSE(Plan4!$B$17,Plan4!I13,Plan4!J13,Plan4!K13,Plan4!L13,Plan4!M13,Plan4!N13) -> 2 | S19: =CHOOSE(Plan4!$B$17,Plan4!O13,Plan4!P13,Plan4!Q13,Plan4!R13,Plan4!S13,Plan4!T13) -> 5
B20: (I4) - Contrib. Previdenciária | G20: =IF(Plan4!B26=1,2,0) -> 0
B21: BDI Adotado | G21: =TRUNC((((((1+G12/100+G13/100+G14/100)*(1+G15/100)*(1+G16/100))/(1-(G17/100+G18/100+G19/100+G20/100)))-1)*100),2) -> 25
B22: =IF(OR(J12<>"OK",J13<>"OK",J14<>"OK",J15<>"OK",J16<>"OK",J17<>"OK",J18<>"OK",J19<>"OK"),"Há parcela(s) componente(s) do BDI com valor(es) diferente(s) do(s) admitido(s) pelo Acórdão TCU Plenária 2622/2013. Alterar ou APRESENTAR JUSTIFICATIVA",".") -> .
B23: Valor para simples conferência do enquadramento do BDI nos limites estabelecidos pelo Acórdão TCU 2622/2013 | M23: Limites do valor do BDI para obras do tipo acima selecionado. Acórdão TCU 2622/2013
B24: BDI sem Desoneração | G24: =TRUNC(((((1+G12/100+G13/100+G14/100)*(1+G15/100)*(1+G16/100))/(1-(G17/100+G18/100+G19/100)))-1)*100,2) -> 25 | J24: =IF(G24<M24," Atenção",IF(G24>S24,"Atenção","OK")) -> OK | M24: =CHOOSE(Plan4!$B$17,Plan4!O19,Plan4!O20,Plan4!O21,Plan4!O22,Plan4!O23,Plan4!O24) -> 20.34 | P24: =CHOOSE(Plan4!$B$17,Plan4!Q19,Plan4!Q20,Plan4!Q21,Plan4!Q22,Plan4!Q23,Plan4!Q24) -> 22.12 | S24: =CHOOSE(Plan4!$B$17,Plan4!S19,Plan4!S20,Plan4!S21,Plan4!S22,Plan4!S23,Plan4!S24) -> 25
B25: =IF(J24<>"OK", "O valor de BDI sem a desoneração está fora da faixa admitida no Acórdão TCU Plenária 2611/2013.",".") -> .
B26: Declaração Informativa
B27: Declaro, para fins de recolhimento de ISS incidente sobre esta obra, que o imposto será apurado e recolhido, conforme a base de cálculo prevista na legislação municipal de Alvorada/RS. Código Tributário Municipal Lei n°2586/2012. Cabe salientar que a empresa deverá apresentar a sua planilha de composição de BDI conforme seu enquadramento.
B28: =IF(OR(V29=FALSE,V30=FALSE,V32=FALSE),("Atenção - Não esqueça de preencher o(s) campo(s): -" & IF(V29=FALSE," Nº DA ART/RRT -","") & IF(V30=FALSE," DATA -","") & IF(V32=FALSE," IDENTIFICAÇÃO DO RESPONSÁVEL TÉCNICO -","") & ""),".") -> .
J29: RRT N.º | V29: =IF(LEN(J29)<4,FALSE,TRUE) -> TRUE
V30: =IF(LEN(J31)<4,FALSE,TRUE) -> TRUE
B31: Arq. Msc. Dr. Eng. Civil - Thiago dos Santos Henriques - CAU/RS 65.666-6 | J31: 45679
V32: =IF(LEN(B31)<4,FALSE,TRUE) -> TRUE

Sheet Plan1

Sheet Plan4
C4: 1º Quartil | I4: Mediana | O4: 3º Quartil
B5: LIMITES das PARCELAS componentes do BDI conforme Acórdão 2622/2013-TCU | C5: Tipo 1 | D5: Tipo 2 | E5: Tipo 3 | F5: Tipo 4 | G5: Tipo 5 | H5: Tipo 6 | I5: Tipo 1 | J5: Tipo 2 | K5: Tipo 3 | L5: Tipo 4 | M5: Tipo 5 | N5: Tipo 6 | O5: Tipo 1 | P5: Tipo 2 | Q5: Tipo 3 | R5: Tipo 4 | S5: Tipo 5 | T5: Tipo 6
B6: AC: taxa de administração central | C6: 3 | D6: 3.8 | E6: 3.43 | F6: 5.29 | G6: 4 | H6: 1.5 | I6: 4 | J6: 4.01 | K6: 4.93 | L6: 5.92 | M6: 5.52 | N6: 3.45 | O6: 5.5 | P6: 4.67 | Q6: 6.71 | R6: 7.93 | S6: 7.85 | T6: 4.49
B7: S+G: taxa de seguros e garantias | C7: 0.8 | D7: 0.32 | E7: 0.28 | F7: 0.25 | G7: 0.81 | H7: 0.3 | I7: 0.8 | J7: 0.4 | K7: 0.49 | L7: 0.51 | M7: 1.22 | N7: 0.48 | O7: 1 | P7: 0.74 | Q7: 0.75 | R7: 0.56 | S7: 1.99 | T7: 0.82
B8: R: taxa de riscos | C8: 0.97 | D8: 0.5 | E8: 1 | F8: 1 | G8: 1.46 | H8: 0.56 | I8: 1.27 | J8: 0.56 | K8: 1.39 | L8: 1.48 | M8: 2.32 | N8: 0.85 | O8: 1.27 | P8: 0.97 | Q8: 1.74 | R8: 1.97 | S8: 3.16 | T8: 0.89
B9: DF: taxa de despesas financeiras | C9: 0.59 | D9: 1.02 | E9: 0.94 | F9: 1.01 | G9: 0.94 | H9: 0.85 | I9: 1.23 | J9: 1.11 | K9: 0.99 | L9: 1.07 | M9: 1.02 | N9: 0.85 | O9: 1.39 | P9: 1.21 | Q9: 1.17 | R9: 1.11 | S9: 1.33 | T9: 1.11
B10: L: taxa de lucro/remuneração | C10: 6.16 | D10: 6.64 | E10: 6.74 | F10: 8 | G10: 7.14 | H10: 3.5 | I10: 7.4 | J10: 7.3 | K10: 8.04 | L10: 8.31 | M10: 8.4 | N10: 5.11 | O10: 8.96 | P10: 8.69 | Q10: 9.4 | R10: 9.51 | S10: 10.43 | T10: 6.22
B11: PIS | C11: 0.65 | D11: 0.65 | E11: 0.65 | F11: 0.65 | G11: 0.65 | H11: 0.65 | I11: 0.65 | J11: 0.65 | K11: 0.65 | L11: 0.65 | M11: 0.65 | N11: 0.65 | O11: 0.65 | P11: 0.65 | Q11: 0.65 | R11: 0.65 | S11: 0.65 | T11: 0.65
B12: COFINS | C12: 3 | D12: 3 | E12: 3 | F12: 3 | G12: 3 | H12: 3 | I12: 3 | J12: 3 | K12: 3 | L12: 3 | M12: 3 | N12: 3 | O12: 3 | P12: 3 | Q12: 3 | R12: 3 | S12: 3 | T12: 3
B13: ISSQN | C13: 2 | D13: 2 | E13: 2 | F13: 2 | G13: 2 | H13: 2 | I13: 2 | J13: 2 | K13: 2 | L13: 2 | M13: 2 | N13: 2 | O13: 5 | P13: 5 | Q13: 5 | R13: 5 | S13: 5 | T13: 5
B14: LEI DESONERAÇÃO | C14: 2 | D14: 2 | E14: 2 | F14: 2 | G14: 2 | H14: 2 | I14: 2 | J14: 2 | K14: 2 | L14: 2 | M14: 2 | N14: 2 | O14: 2 | P14: 2 | Q14: 2 | R14: 2 | S14: 2 | T14: 2
B15: I: Percentual de impostos sem a Desoneração | C15: =SUM(C11:C13) -> 5.65 | D15: =SUM(D11:D13) -> 5.65 | E15: =SUM(E11:E13) -> 5.65 | F15: =SUM(F11:F13) -> 5.65 | G15: =SUM(G11:G13) -> 5.65 | H15: =SUM(H11:H13) -> 5.65 | I15: =SUM(I11:I13) -> 5.65 | J15: =SUM(J11:J13) -> 5.65 | ... T15: =SUM(T11:T13) -> 8.65
B17: 1
B18: Tipo de Obra | C18: Valor escolhido na Planilha BDI | O18: BDIs Adminssíveis por tipo de obra
B19: 1 | C19: Construção de edifícios | O19: 20.34 | Q19: 22.12 | S19: 25
B20: 2 | C20: Construção de rodovias e ferrovias | O20: 19.6 | Q20: 20.97 | S20: 24.23
B21: 3 | C21: Construção de redes de abastecimento de água, coleta de esgoto e construções correlatas | O21: 20.76 | Q21: 24.18 | S21: 26.44
B22: 4 | C22: Construção e manutenção de estações e redes de distribuição de energia elétrica | O22: 24 | Q22: 25.84 | S22: 27.86
B23: 5 | C23: Obras portuárias, marítimas e fluviais | O23: 22.8 | Q23: 27.48 | S23: 30.95
B24: 6 | C24: Fornecimento de materiais e equipamentos | O24: 11.1 | Q24: 14.02 | S24: 16.8
W25: '
B26: 2
B27: Opção
B28: 1 | C28: Orçamento COM A DESONERAÇÃO prevista na Lei 12.844/2013
B29: 2 | C29: Orçamento SEM A DESONERAÇÃO prevista na Lei 12.844/2013
